 Dungeon Crawl Stone Soup version 0.32-a0-913-g739538afd8 (webtiles) character file.

Game seed: 9093466066263710088

142 kae the Changeling (level 5, 0/39 HPs)
             Began as a Demonspawn Shapeshifter on Apr 9, 2024.
             Incinerated by a bombardier beetle (4 damage)
             ... with a burning spray
             ... on level 4 of the Dungeon.
             The game lasted 00:01:40 (1678 turns).

kae the Changeling (Demonspawn Shapeshifter)        Turns: 1678, Time: 00:01:41

Health: 0/39       AC:  4    Str: 14    XL:     5   Next: 4%
Magic:  5/5        EV: 11    Int: 11    God:
Gold:   108        SH:  0    Dex: 14    Spells: 4/4 levels left

rFire   . .          .
                       - Unarmed
rCold   . . .        (no shield)
rNeg    . . .        a - +0 animal skin
rPois   .            (helmet currently unavailable)
rElec   .            (cloak currently unavailable)
rCorr   .            (gloves currently unavailable)
SInv    .            (boots currently unavailable)
Will    .....        (no amulet)
Stlth   +            (no ring)
HPRegen 0.26/turn    (no ring)
MPRegen 0.09/turn

%: no passive effects
@: on fire, beast-form, glowing
A: beast (slay +2), antennae 2, thin metallic scales 1
a: Begin Untransformation


You were on level 4 of the Dungeon.
You were a hulking beast.
You visited 1 branch of the dungeon, and saw 3 of its levels.

You collected 108 gold pieces.


Innate Abilities, Weirdness & Mutations

You are a hulking beast.
Your limbs bulge with bestial killing power. (Slay +2)
You have a pair of antennae on your head.
You are partially covered in thin metallic scales. (AC +2)


   Skills:
 + Level 2.4 Fighting
 - Level 1.7 Dodging
 + Level 3.4 Unarmed Combat
 * Level 4.0 Shapeshifting


You had 4 spell levels left.
You didn't know any spells.
Your spell library contained the following spells:

 Spells                   Type           Power      Damage    Failure   Level
 Shock                    Conj/Air       0%         1d3       34%         1
 Swiftness                Air            0%         N/A       71%         3
 Airstrike                Air            0%         2d(0-16)  98%         4

Inventory:

Missiles
 e - 4 silver javelins (quivered)
 f - 4 atropa-tipped darts
 j - 12 stones
Armour
 a - a +0 animal skin (worn)
 h - a +0 pair of gloves
   (You found it on level 1 of the Dungeon)
Jewellery
 k - a ring of willpower
   (You found it on level 1 of the Dungeon)
 G - an amulet of guardian spirit
   (You found it on level 1 of the Dungeon)
Talismans
 c - a beast talisman (active)
 d - a flux talisman
 i - a blade talisman
   (You found it on level 2 of the Dungeon)
Potions
 b - a potion of lignification {!q}
 g - a potion of attraction {!q}
 m - a potion of resistance

Dungeon Overview and Level Annotations

Branches:
Dungeon (2/15) Zot: 16312

Altars:

### #.## ### ##..#
###..### ###...#
#......## ##.....##
#...... ........#
###.....
........###.###.B#
...##........##.h##
#.###........###o.#
####.............###
#...............##...
##...................
#####...##......#.o!
###...##.#...## <<
#.#......##......
##†........#......


You could see a bombardier beetle and an orc.


Message History

😮 HP[+1] Unknown command.
You hit the hound.
You kill the hound! 😮 HP[+1]
You now have 34 max hp (+1).
You see here a hound corpse.
You start resting. 😕 HP[+3]
You regained 3 hp, and now have 28/34 hp.
You start resting.
An adder comes into view. 😕 HP[+5]
You regained 5 hp, and now have 33/34 hp.
The adder hisses angrily.
The adder closely misses you. 😎 HP[+1]
Your hp is fully restored (34).
You closely miss the adder. The adder bites you but does no damage.
You closely miss the adder. The adder bites you but does no damage.
You hit the adder. The adder barely misses you.
You barely miss the adder. The adder bites you but does no damage.
An adder is nearby!
You hit the adder. The adder bites you. The adder bites you but does no damage.
You miss the adder.
The adder completely misses you. 😕 HP[-2]
You take 2 damage, and now have 32/34 hp.
An adder is nearby!
Unknown command.
An adder is nearby!
An adder is nearby!
You miss the adder. The adder bites you but does no damage.
You hit the adder.
You kill the adder!
Your Shapeshifting skill increases to level 4!
You have reached level 5! 😕 HP[+5] MP[+1]
You now have 39 max hp (+5).
You regained 5 hp, and now have 37/39 hp.
Your mp is fully restored (5).
A bombardier beetle and an orc come into view. 😎 HP[+2]
Your hp is fully restored (39).
There are monsters nearby!
Found two stone staircases leading up.
The orc shouts!
The bombardier beetle sprays incendiary fluid at you.
The burning spray hits you.
You are covered in liquid fire!
You hit the bombardier beetle. The liquid fire burns you!
You closely miss the bombardier beetle.
Your punch misses the bombardier beetle.
The liquid fire burns you!
The bombardier beetle sprays incendiary fluid at you.
The burning spray hits you.
You are even more covered in liquid fire! 😕 HP[-6]
You take 6 damage, and now have 33/39 hp.
You hit the bombardier beetle. The liquid fire burns you!
You hit the bombardier beetle. The liquid fire burns you!
The bombardier beetle bites you but does no damage. 😮 HP[-6]
You take 6 damage, and now have 27/39 hp.
You are too injured to fight recklessly!
You are too injured to fight recklessly!
You hit the bombardier beetle. The liquid fire burns you!
The bombardier beetle bites you. 😮 HP[-7]
You take 7 damage, and now have 20/39 hp.
Unknown command.
You hit the bombardier beetle. The liquid fire burns you!
* * * LOW HITPOINT WARNING * * *
The orc closely misses you. 😨 HP[-4]
You take 4 damage, and now have 16/39 hp.
You hit the bombardier beetle but do no damage.
The liquid fire burns you!
* * * LOW HITPOINT WARNING * * *
The orc hits you but does no damage. The bombardier beetle bites you.
* * * LOW HITPOINT WARNING * * *
😨 HP[-6]
You take 6 damage, and now have 10/39 hp.
Unknown command.
You closely miss the bombardier beetle. The liquid fire burns you!
* * * LOW HITPOINT WARNING * * *
The orc hits you with a +0 hand axe.
* * * LOW HITPOINT WARNING * * *
😱 HP[-6]
You take 6 damage, and now have 4/39 hp.
Unknown command.
Okay, then.
You barely miss the bombardier beetle. The liquid fire burns you!
You die...

Skill      XL: |  1  2  3  4 |
---------------+-------------+-----
Shapeshifting  | 3 4 |  4.0
Unarmed Combat | 3 |  3.4
Fighting       | 2 |  2.4
Dodging        | |  1.7

Action                     |  1- 3 |  4- 6 || total
---------------------------+-------+-------++-------
  Melee: Unarmed           |    65 |    84 ||   149
         Punch             |       |     2 ||     2
    Use: Scroll            |     2 |       ||     2
         Potion            |     2 |       ||     2
   Stab: Sleeping          |     2 |       ||     2
 Armour: Animal skin       |    38 |    49 ||    87
  Dodge: Dodged            |    42 |    33 ||    75

Levels and vault maps discovered:
D:1:      heliophobic_arrival_glass_houses, layout_loops_cross
D:2:      layout_loops_corners, chequers_serial_rivers_room_b,
          grunt_decor_junction, uniq_natasha, uniq_robin
D:4:      layout_cave_pools, okawaru_trees_1, uniq_crazy_yiuf_cottage

Notes
Turn   | Place    | Note
-------+----------+-------------------------------------------
     0 | D:1      | kae the Demonspawn Shapeshifter began the quest for the
                  | Orb.
     0 | D:1      | Reached XP level 1. HP: 15/15 MP: 1/1
     0 | D:1      | magus.rc [v1.11.3]
   155 | D:1      | Gained mutation: You are partially covered in thin metallic
                  | scales. (AC +2) [demonic ancestry]
   155 | D:1      | Reached XP level 2. HP: 20/21 MP: 2/2
   216 | D:1      | Reached skill level 3 in Shapeshifting
   813 | D:2      | Noticed Natasha
   927 | D:2      | HP: 3/21 [Natasha (4)]
   928 | D:2      | Killed Natasha
   929 | D:2      | Reached skill level 3 in Unarmed Combat
   929 | D:2      | Gained mutation: You have a pair of small antennae on your
                  | head. [demonic ancestry]
   929 | D:2      | Reached XP level 3. HP: 4/27 MP: 3/3
  1001 | D:2      | Noticed Natasha
  1016 | D:2      | HP: 6/27 [Natasha (5)]
  1019 | D:2      | Killed Natasha
  1020 | D:2      | Reached skill level 2 in Fighting
  1122 | D:2      | Noticed Robin
  1147 | D:2      | Gained mutation: You have a pair of antennae on your head.
                  | [demonic ancestry]
  1147 | D:2      | Reached XP level 4. HP: 22/33 MP: 4/4
  1155 | D:2      | Killed Robin
  1520 | D:2      | You pick up a book of Air and begin reading...
  1520 | D:2      | You add the spells Shock, Swiftness and Airstrike to your
                  | library.
  1574 | D:2      | You fall into a shaft and drop 2 floors!
  1653 | D:4      | Reached skill level 4 in Shapeshifting
  1653 | D:4      | Reached XP level 5. HP: 37/39 MP: 5/5
  1677 | D:4      | HP: 7/39 [burnt (3)]
  1678 | D:4      | Incinerated by a bombardier beetle

Vanquished Creatures
  A hound (D:4)
  Natasha (twice) (D:2)
  Robin (D:2)
  An adder (D:4)
  A ball python (D:1)
  2 bats (D:1)
  An endoplasm (D:4)
  3 giant cockroaches (D:1)
  6 hobgoblins
  3 jackals (D:2)
  3 kobolds
  4 frilled lizards (D:1)
  12 goblins
  2 rats (D:1)
42 creatures vanquished.

Table legend:
 A = Non-vault XP
 B = Vault XP
 C = Vault XP percentage of total XP
 D = Non-vault monster count
 E = Vault monster count
 F = Vault count percentage of total count
                 A         B        C        D         E       F
            +---------+---------+-------+---------+---------+-------
      Total |     136 |      68 |  33.3 |      29 |      13 |  31.0
            +---------+---------+-------+---------+---------+-------
        D:1 |      25 |       0 |   0.0 |      17 |       0 |   0.0
        D:2 |      51 |      68 |  57.1 |       9 |      13 |  59.1
        D:4 |      60 |       0 |   0.0 |       3 |       0 |   0.0
            +---------+---------+-------+---------+---------+-------

Skill      XL: |  1  2  3  4 |
---------------+-------------+-----
Shapeshifting  | 3 4 |  4.0
Unarmed Combat | 3 |  3.4
Fighting       | 2 |  2.4
Dodging        | |  1.7

Action                     |  1- 3 |  4- 6 || total
---------------------------+-------+-------++-------
  Melee: Unarmed           |    65 |    84 ||   149
         Punch             |       |     2 ||     2
    Use: Scroll            |     2 |       ||     2
         Potion            |     2 |       ||     2
   Stab: Sleeping          |     2 |       ||     2
 Armour: Animal skin       |    38 |    49 ||    87
  Dodge: Dodged            |    42 |    33 ||    75

Illustrated notes

Table legend:
 A = Kills in this place as a percentage of kills in the entire game.
 B = Kills by you in this place as a percentage of kills by you in the entire game.
 C = Kills by friends in this place as a percentage of kills by friends in the entire game.
 D = Other kills in this place as a percentage of other kills in the entire game.
 E = Experience gained in this place as a percentage of experience gained in the entire game.
 F = Experience gained in this place divided by the number of levels of this place that you have seen.
                   A       B       C       D       E      F
               +-------+-------+-------+-------+-------+----------------------
         Total | 100.0 | 100.0 |   N/A |   N/A | 100.0 |  68.0
       Dungeon | 100.0 | 100.0 |   N/A |   N/A | 100.0 |  68.0
               +-------+-------+-------+-------+-------+----------------------

Table legend: (Time is in decaauts)
 A = Elapsed time spent in this place.
 B = Non-inter-level travel time spent in this place.
 C = Inter-level travel time spent in this place.
 D = Time resting spent in this place.
 E = Time spent auto-exploring this place.
 F = Levels seen in this place.
 G = Mean time per level.
                   A        B        C        D        E       F      G
               +--------+--------+--------+--------+--------+-----+--------+
         Total |   1687 |   1620 |     67 |    340 |    955 |   3 |  562.3 |
       Dungeon |   1687 |   1620 |     67 |    340 |    955 |   3 |  562.3 |
               +--------+--------+--------+--------+--------+-----+--------+

Top non-repeatable levels by time:
     D:1: 912 daAuts
     D:2: 672 daAuts
     D:4: 102 daAuts
